Map: Oxide LE

Players

MaSa

  • Race: Terran Terran

Astrea - Winner!

  • Race: Protoss Protoss

Event: DreamHack SC2 Masters 2021 Fall

VOD

Have the link to the VOD?

Description

Time

  • Played on: Aug. 14, 2021, 3:40 p.m.
  • Length: 10:14

All games in this series

Show
View Real Time Build Order
Export as new Build Order

MaSa Terran 

Build Orders:  

Get SALT Encoding   

  12  0:00  SCV  
  13  0:12  SCV  
  14  0:17  Supply Depot  
  14  0:24  SCV  
  15  0:38  SCV  
  15  0:41  Barracks  
  16  0:44  Refinery  
  16  0:50  SCV  
  17  1:02  SCV  
  18  1:14  SCV  
  19  1:27  Marine  
  19  1:28  Orbital Command  
  20  1:46  Marine  
  21  1:47  Command Center  
  21  1:55  Factory  
  21  2:04  Supply Depot  
  21  2:05  Marine  
  22  2:14  Bunker  
  22  2:21  SCV  
  23  2:25  Marine  
  23  2:29  Refinery  
  23  2:38  SCV  
  23  2:39  Factory Tech Lab  
  23  2:43  Barracks Reactor  
  24  2:50  SCV  
  25  2:59  Hellion  
  25  3:00  Barracks Tech Lab  
  25  3:04  SCV, Orbital Command  
  27  3:16  SCV  
  23  3:28  SCV  
  23  3:29  SCV  
  24  3:39  Cyclone  
  26  3:43  SCV x2  
  28  3:52  Starport  
  28  3:55  SCV  
  29  3:56  SCV  
  29  4:01  Barracks Reactor  
  30  4:07  SCV  
  30  4:08  SCV, Barracks  
  32  4:14  Orbital Command  
  32  4:19  SCV  
  32  4:21  Siege Tank  
  36  4:31  SCV  
  37  4:39  Banshee  
  37  4:41  SCV  
  37  4:44  SCV  
  42  4:49  Marine x2, Supply Depot  
  44  4:53  SCV  
  44  4:54  Supply Depot  
  44  4:56  SCV, Cloaking Field  
  46  5:06  Factory Tech Lab  
  46  5:10  Marine x2, SCV x2  
  46  5:14  Supply Depot  
  50  5:19  Marine, Supply Depot  
  51  5:22  SCV x2  
  51  5:23  Banshee  
  51  5:28  Marine  
  57  5:31  Refinery  
  57  5:34  SCV  
  56  5:42  SCV, Siege Tank  
  55  5:46  SCV  
  55  5:47  Marine x2  
  55  5:54  SCV  
  53  5:59  SCV  
  52  6:06  Banshee  
  52  6:07  SCV  
  52  6:11  SCV  
  52  6:19  Marine x2, SCV  
  52  6:20  Marine  
  52  6:23  SCV  
  54  6:26  Combat Shield  
  54  6:27  Engineering Bay  
  54  6:29  Barracks x2  
  54  6:31  SCV  
  55  6:35  SCV  
  55  6:36  Siege Tank  
  55  6:37  Marine x2  
  55  6:38  Marine  
  62  6:43  SCV  
  63  6:47  SCV  
  63  6:48  Refinery  
  64  6:55  Marine x2, SCV  
  64  6:58  Marauder  
  64  7:00  Starport Reactor  
  69  7:08  Siege Tank  
  64  7:13  Marine x2, SCV  
  64  7:17  Marine x2  
  64  7:19  Marine  
  64  7:21  SCV  
  67  7:25  SCV  
  68  7:31  Marine  
  68  7:34  SCV  
  68  7:35  Barracks Tech Lab  
  70  7:37  Barracks Reactor  
  70  7:38  Terran Infantry Weapons Level 1  
  70  7:41  Barracks  
  70  7:44  Supply Depot  
  69  7:47  SCV  
  70  7:53  Stimpack  
  70  8:00  Siege Tank  
  70  8:05  Marine x2, SCV x2  
  74  8:13  Medivac  
  74  8:16  Marine x2  
  78  8:20  Marine  
  78  8:21  Supply Depot  
  78  8:22  Supply Depot, SCV x2  
  78  8:23  Supply Depot, Marauder  
  82  8:28  Medivac  
  82  8:30  Marauder  
  86  8:36  Supply Depot  
  86  8:42  Marine x2  
  86  8:43  Marine, SCV x2, Medivac, Marauder  
  95  8:55  SCV  
  96  8:58  Marine  
  96  8:59  Marauder  
  96  9:00  Marine x2  
  96  9:01  SCV  
  96  9:04  Marine  
  96  9:07  SCV  
  98  9:13  SCV  
  99  9:19  SCV  
  99  9:20  Bunker  
  99  9:21  Bunker  
  99  9:22  Liberator  
  67  9:46  Marine x4, Marauder  
  67  9:47  SCV, Marauder  
Show
View Real Time Build Order
Export as new Build Order

Astrea Protoss - Winner!

Build Orders: Phoenix Opening, Blink Stalkers 

Get SALT Encoding   

  12  0:00  Probe  
  13  0:12  Pylon  
  13  0:17  Probe  
  14  0:30  Gateway  
  14  0:32  Probe (Chrono Boost)  
  15  0:38  Assimilator  
  15  0:44  Probe (Chrono Boost)  
  15  0:47  Assimilator  
  16  0:50  Probe (Chrono Boost)  
  17  0:59  Probe  
  18  1:11  Probe  
  19  1:17  Cybernetics Core  
  19  1:18  Zealot  
  21  1:23  Probe  
  22  1:27  Pylon  
  22  1:35  Probe  
  23  1:51  Adept (Chrono Boost)  
  23  1:53  Stargate  
  25  1:56  Warp Gate  
  25  2:00  Probe  
  26  2:13  Adept (Chrono Boost)  
  28  2:17  Probe  
  28  2:32  Pylon  
  28  2:43  Probe  
  29  2:49  Nexus  
  29  2:59  Probe  
  30  3:11  Probe  
  31  3:18  Twilight Council, Sentry  
  31  3:25  Probe  
  30  3:37  Probe  
  30  3:39  Gateway  
  29  3:42  Gateway  
  29  3:44  Pylon  
  29  3:47  Blink (Chrono Boost)  
  29  3:50  Probe  
  29  3:54  Phoenix  
  30  4:01  Probe (Chrono Boost)  
  30  4:02  Sentry  
  34  4:06  Probe (Chrono Boost)  
  34  4:13  Shield Battery, Probe (Chrono Boost)  
  36  4:17  Probe x2 (Chrono Boost)  
  37  4:25  Robotics Facility  
  37  4:26  Probe  
  37  4:27  Probe  
  39  4:38  Probe  
  40  4:40  Probe  
  40  4:50  Stalker x2, Probe  
  40  4:51  Stalker  
  40  4:52  Probe  
  48  4:57  Pylon  
  48  5:02  Probe  
  48  5:04  Probe  
  48  5:06  Pylon  
  50  5:13  Observer (Chrono Boost)  
  51  5:14  Probe  
  51  5:15  Stalker x2  
  51  5:17  Stalker  
  51  5:20  Probe  
  59  5:25  Pylon  
  59  5:27  Assimilator  
  59  5:29  Assimilator  
  59  5:37  Probe  
  59  5:39  Stalker x2  
  59  5:40  Probe  
  61  5:49  Probe  
  60  5:52  Probe  
  59  5:58  Stalker  
  59  5:59  Observer  
  59  6:01  Probe  
  59  6:02  Stalker x2  
  61  6:04  Probe  
  59  6:13  Probe  
  59  6:16  Probe  
  61  6:23  Stalker  
  63  6:26  Probe (Chrono Boost)  
  63  6:27  Nexus  
  63  6:29  Probe (Chrono Boost)  
  63  6:30  Charge  
  63  6:32  Pylon  
  65  6:38  Probe (Chrono Boost)  
  67  6:41  Probe (Chrono Boost)  
  67  6:42  Observer  
  67  6:46  Probe (Chrono Boost)  
  68  6:47  Probe (Chrono Boost)  
  68  6:50  Shield Battery, Stalker x2  
  68  6:52  Probe  
  74  6:55  Stalker  
  72  7:10  Probe  
  72  7:11  Probe  
  72  7:14  Stalker x2  
  78  7:22  Probe  
  79  7:23  Templar Archives, Probe  
  79  7:26  Pylon, Observer  
  78  7:34  Observer, Probe, Warp Prism  
  78  7:35  Probe  
  82  7:42  Probe  
  83  7:46  Probe  
  83  7:47  Probe  
  83  7:49  Observer  
  85  7:54  Probe  
  85  7:56  Gateway  
  85  7:57  Gateway  
  86  8:00  Gateway, Probe  
  86  8:02  Psionic Storm, Probe  
  88  8:07  Probe  
  88  8:12  Probe  
  89  8:13  Assimilator x2  
  89  8:15  High Templar x3  
  89  8:16  Gateway  
  89  8:18  Gateway  
  89  8:19  Observer (Chrono Boost)  
  96  8:22  Probe x2  
  96  8:23  Pylon  
  96  8:25  Forge  
  98  8:31  Observer (Chrono Boost), Probe  
  100  8:35  Shield Battery  
  100  8:41  Pylon  
  100  8:45  Pylon  
  100  8:49  High Templar x2, Immortal (Chrono Boost)  
  108  9:04  Zealot  
  108  9:05  Zealot x3  
  116  9:15  Zealot x2  
  120  9:17  Immortal (Chrono Boost)  
  120  9:23  Zealot x2  
  127  9:27  Zealot x3  
  133  9:33  Pylon x2  
  133  9:35  Pylon x2  
  125  9:44  Archon  
  113  9:47  High Templar x3  
  113  9:48  High Templar, Zealot x4  
  129  9:53  Forge  
  129  9:58  Archon  
  121  10:05  Nexus  

Tags
 
Add a new tag
Caveats
  • Supply blocks, unpowered buildings, or Contaminate may cause inaccurate times.
  • Supply counts are checked every 10 seconds.